 Dungeon Sprint DCSS version 0.29.1-15-g9cfb28693d (webtiles) character file.

Game seed: 4300980412524364809

2100000 Iago the Conqueror (level 17, -7/226 HPs)
             Began as an Ogre Berserker on Feb 24, 2023.
             Was a High Priest of Trog.
             Mangled by a bag of meat
             ... wielding a +9 war axe
              (35 damage)
             ... in the Dungeon (Sprint VIII: "Arena of Blood").
             The game lasted 00:01:59 (21 turns).

Iago the Conqueror (Ogre Berserker)                   Turns: 21, Time: 00:02:00

Health: -7/226     AC:  3    Str: 31    XL:     17   Next: 6%
Magic:  17/17      EV: 17    Int:  8    God:    Trog [*****.]
Gold:   0          SH:  0    Dex:  8    Spells: 16/16 levels left

rFire   . . .      SeeInvis .   h - +∞ Axe of Woe
rCold   . . .      Faith    .   (shield currently unavailable)
rNeg    . . .      Spirit   .   a - +0 animal skin
rPois   .          Reflect  .   (helmet restricted)
rElec   .          Harm     .   (no cloak)
rCorr   .          Rampage  .   (gloves unavailable)
Will    +....      NoTele   +   (boots unavailable)
Stlth   +.........              (no amulet)
HPRegen 0.47/turn               (no ring)
MPRegen 0.15/turn               (no ring)

@: on berserk cooldown, slowed, very slow
A: large, unfitting armour, tough skin 1
a: Renounce Religion, Berserk, Trog's Hand, Brothers in Arms


You were in the Dungeon.
You worshipped Trog.
Trog was extremely pleased with you.
You visited 1 branch

Inventory:

Hand Weapons
 h - the +∞ Axe of Woe (weapon)
   (You found it in the Dungeon)
Armour
 a - a +0 animal skin (worn)
Scrolls
 g - a scroll of blinking
Potions
 b - a potion of curing
 c - a potion of heal wounds
 d - a potion of haste
 e - 2 potions of magic
 f - a potion of berserk rage


   Skills:
 O Level 27 Fighting
 + Level 23.5 Axes
 O Level 27 Dodging
 + Level 26.7 Unarmed Combat


You had 16 spell levels left.
You didn't know any spells.
Your spell library was empty.

Dungeon Overview and Level Annotations

Branches:
Dungeon (1/1)

Altars:
Makhleb


Innate Abilities, Weirdness & Mutations

You are too large for most types of armour.
You have tough skin. (AC +1)


Message History

* * * LOW HITPOINT WARNING * * *
A bag of meat comes into view. It is wielding a +9 war axe. x2
Things that are here:
a +9 war axe; a +30 ring of slaying The bag of meat shouts! x3
You slash the bag of meat!
You fatally mangle the bag of meat.
You kill the bag of meat!
Trog accepts your kill.
You slice the bag of meat like a ripe choko!!!
You hew the bag of meat savagely.
You kill the bag of meat!
Trog accepts your kill.
You are no longer berserk.
You are exhausted.
You feel yourself slow down.
You hear two shouts!
You hear a shout! x3
Your Axes skill gained 2 levels and is now at level 23!
Your Unarmed Combat skill increases to level 26!
You have reached level 17!
A meat berserker comes into view. It is wielding a +9 battleaxe.
You hear a shout! x2
The meat berserker rages.
You hear a shout! x7
A bag of meat comes into view. It is wielding a +9 war axe.
The meat berserker rages.
You hear a shout! x2
The bag of meat hits you with a +9 war axe!!!
* * * LOW HITPOINT WARNING * * *
You hear a shout! x2
A bag of meat comes into view. It is wielding a +9 war axe.
Items here: )) == †.
A bag of meat comes into view. It is wielding a +9 war axe.
The large bag of meat appears out of thin air!
A large bag of meat comes into view. It is wielding a +9 giant spiked club.
The bag of meat shouts!
The large bag of meat shouts in stereo!
You hear a shout!
The meat berserker rages.
You hear a shout! x7
The bag of meat hits you with a +9 war axe!!
You die...

.................
.......o.........
#...o.....o......
........o........
......oooo......
#..).ooo# ..
#...)OO.#
...###..).Oo.###.o.
........###@.....O.
#.....o.._.........
......#.....#O.....
......#_.<._#......
....o.#.....#..o...
#........_.........
........###........
...###... ...###...
#... ..#


You could see a large bag of meat (inner flame), 4 meat berserkers and 15 bags
of meat.

Vanquished Creatures
  4 ogres (D)
  11 orcs (D)
15 creatures vanquished.

Notes
Turn   | Place    | Note
-------+----------+-------------------------------------------
     0 | D        | Found the +∞ Axe of Woe
     0 | D        | Iago the Ogre Berserker began the quest for the Orb.
     0 | D        | Reached XP level 1. HP: 24/24 MP: 1/1
     4 | D        | Noticed a bag of meat
     4 | D        | Noticed a bag of meat
     5 | D        | Noticed a bag of meat
     6 | D        | Noticed a bag of meat
     6 | D        | Noticed a meat berserker
     8 | D        | Killed a bag of meat
     8 | D        | Noticed a bag of meat
     8 | D        | Noticed a meat berserker
     8 | D        | Noticed a meat berserker
     8 | D        | Noticed a bag of meat
     8 | D        | Noticed a bag of meat
     9 | D        | Reached XP level 2. HP: 58/65 MP: 2/2
     9 | D        | Reached XP level 3. HP: 66/74 MP: 3/3
     9 | D        | Reached XP level 4. HP: 74/83 MP: 4/4
     9 | D        | Reached XP level 5. HP: 82/91 MP: 5/5
     9 | D        | Reached XP level 6. HP: 91/101 MP: 6/6
     9 | D        | Reached XP level 7. HP: 98/109 MP: 7/7
     9 | D        | Reached XP level 8. HP: 106/118 MP: 8/8
     9 | D        | Reached XP level 9. HP: 114/127 MP: 9/9
     9 | D        | Reached XP level 10. HP: 122/136 MP: 10/10
     9 | D        | Reached XP level 11. HP: 130/145 MP: 11/11
    10 | D        | Killed a meat berserker
    10 | D        | Killed a bag of meat
    10 | D        | Reached ** piety under Trog
    10 | D        | Killed a bag of meat
    10 | D        | Noticed a bag of meat
    11 | D        | Reached XP level 12. HP: 105/172 MP: 12/12
    11 | D        | Reached XP level 13. HP: 111/182 MP: 13/13
    11 | D        | Killed a meat berserker
    11 | D        | Noticed a meat berserker
    11 | D        | Noticed a bag of meat
    11 | D        | Noticed a bag of meat
    11 | D        | Noticed a bag of meat
    12 | D        | Reached XP level 14. HP: 120/196 MP: 14/14
    12 | D        | Killed a meat berserker
    12 | D        | Reached *** piety under Trog
    12 | D        | Killed a bag of meat
    13 | D        | Reached skill level 27 in Fighting
    13 | D        | Reached XP level 15. HP: 127/206 MP: 15/15
    14 | D        | Reached skill level 15 in Axes
    15 | D        | Killed a meat berserker
    15 | D        | Reached **** piety under Trog
    15 | D        | Noticed a meat berserker
    16 | D        | Reached XP level 16. HP: 120/217 MP: 16/16
    16 | D        | Noticed a meat berserker
    16 | D        | Noticed a meat berserker
    17 | D        | Reached ***** piety under Trog
    17 | D        | Noticed a meat berserker
    18 | D        | Reached skill level 27 in Dodging
    20 | D        | Reached XP level 17. HP: 67/226 MP: 17/17
    20 | D        | Noticed a meat berserker
    21 | D        | Noticed a large bag of meat
    21 | D        | Mangled by a bag of meat

Illustrated notes

Levels and vault maps discovered:
D:        meatsprint

Skill      XL: |  1  2  3  4  5  6  7  8  9 10 11 12 13 14 15 16 |
---------------+-------------------------------------------------+-----
Fighting       | 19 25 26 27 | 27.0
Axes           | 3 9 11 14 18 23 | 23.5
Dodging        | 14 19 21 23 25 27 | 27.0
Unarmed Combat | 13 18 20 22 24 26 | 26.7

Action                   |  1- 3 |  4- 6 |  7- 9 | 10-12 | 13-15 | 16-18 || total
-------------------------+-------+-------+-------+-------+-------+-------++-------
Melee: Executioner's axe |     1 |       |       |     1 |     4 |     2 ||     8
Invok: Berserk           |       |       |       |     1 |       |       ||     1
